 Dungeon Crawl Stone Soup version 0.29-a0-251-g80730f7218 (webtiles) character file.

Game seed: 16540291894057763529

3116 sanka the Prestidigitator (level 9, 0/68 HPs)
             Began as a Gnoll Wanderer on Mar 5, 2022.
             Was a High Priest of Jiyva.
             Slain by Prince Ribbit (13 damage)
             ... on level 8 of the Dungeon.
             The game lasted 00:12:05 (6425 turns).

sanka the Prestidigitator (Gnoll Wanderer)          Turns: 6425, Time: 00:12:05

Health: 0/68       AC:  8    Str: 10    XL:     9   Next: 91%
Magic:  16/16      EV: 13    Int: 14    God:    Jiyva [*****.]
Gold:   272        SH:  0    Dex: 15    Spells: 17/17 levels left

rFire   . . .      SeeInvis .   w - +2 whip (elec)
rCold   . . .      Faith    .   (no shield)
rNeg    . . .      Spirit   .   p - +2 ring mail of Mezcal {rPois}
rPois   +          Reflect  .   (no helmet)
rElec   .          Harm     .   o - +0 cloak
rCorr   +          Rampage  .   e - +0 pair of gloves
Will    .....                   (no boots)
Stlth   ++........              (no amulet)
HPRegen 1.65/turn               (no ring)
MPRegen 0.60/turn               l - ring of wizardry

@: no status effects
A: fangs 1, strong nose, distributed training, poison resistance, wild magic 3,
gelatinous body 1, pseudopods 2
a: Renounce Religion, Oozemancy, Slimify


You were on level 8 of the Dungeon.
You worshipped Jiyva.
Jiyva was extremely pleased with you.
You visited 1 branch of the dungeon, and saw 8 of its levels.

You collected 298 gold pieces.
You spent 26 gold pieces at shops.


Innate Abilities, Weirdness & Mutations

You have very sharp teeth.
Your uncanny sense of smell can sniff out nearby items.
Your experience applies equally to all skills.
Your system is resistant to poisons. (rPois)
Your spells are much harder to cast, but much more powerful.
Your rubbery body absorbs attacks. (AC +1, EV +1)
Armour fits poorly on your large pseudopods.


   Skills:
 + Level 5.4 Fighting
 + Level 4.7 Short Blades
 + Level 4.7 Long Blades
 + Level 4.7 Axes
 + Level 4.7 Maces & Flails
 + Level 4.7 Polearms
 + Level 4.7 Staves
 + Level 8.1 Slings
 + Level 4.7 Bows
 + Level 4.7 Crossbows
 + Level 4.7 Throwing
 + Level 4.7 Armour
 + Level 5.4 Dodging
 + Level 5.3 Stealth
 + Level 4.7 Shields
 + Level 4.7 Unarmed Combat
 + Level 4.7 Spellcasting
 + Level 3.9 Conjurations
 + Level 3.9 Hexes
 + Level 3.9 Summonings
 + Level 3.9 Necromancy
 + Level 3.9 Translocations
 + Level 3.9 Transmutations
 + Level 3.9 Fire Magic
 + Level 3.9 Ice Magic
 + Level 3.9 Air Magic
 + Level 3.9 Earth Magic
 + Level 3.9 Poison Magic
 + Level 5.1 Invocations
 + Level 9.8 Evocations


You had 17 spell levels left.
You didn't know any spells.
Your spell library contained the following spells:

 Spells                   Type           Power      Damage    Failure   Level
 Apportation              Tloc           52%        N/A       11%         1
 Pain                     Necr           100%       1d9       11%         1
 Ensorcelled Hibernation  Hex/Ice        52%        N/A       14%         2
 Passwall                 Tmut/Erth      21%        N/A       14%         2
 Swiftness                Air            26%        N/A       24%         3
 Alistair's Intoxication  Tmut/Pois      17%        N/A       82%         5

Inventory:

Hand Weapons
 a - a +0 vorpal hunting sling
 q - a +2 vorpal falchion
 w - a +2 whip of electrocution (weapon)
Missiles
 j - 6 atropa-tipped darts
 k - 224 stones (quivered)
 m - 3 curare-tipped darts {=f}
 n - 4 javelins
Armour
 e - a +0 pair of gloves (worn)
 o - a +0 cloak (worn)
 p - the +2 ring mail of Mezcal (worn) {rPois} rPois: It protects you from poison.
 B - a +1 animal skin
Jewellery
 l - a ring of wizardry (right hand)
Wands
 c - a wand of flame (1)
 A - a wand of digging (5)
Scrolls
 b - 3 scrolls of teleportation {@r4}
 f - a scroll of magic mapping
 h - a scroll of torment {!r}
 r - a scroll of noise {!r}
 t - a scroll of enchant armour {unknown}
 x - a scroll of fog {unknown}
 y - a scroll of amnesia {unknown}
 z - a scroll of identify {@r1}
Potions
 g - 4 potions of curing {@q1}
 i - a potion of berserk rage {unknown}
 s - 3 potions of flight {unknown}
 u - a potion of haste {unknown}
 v - 2 potions of lignification {unknown}

Dungeon Overview and Level Annotations

Branches:
Dungeon (8/15)             Temple (0/1) D:4
   Lair: D:8-11

Altars:
Fedhas
Hepliaklqana
Makhleb
Okawaru
Uskayaw
Xom
Zin
Jiyva

Shops:
D:4 ?   D:5 *   D:6 (

Annotations:
D:6 3 runed translucent doors, ma3's ghost, novice DEAM
D:8 Prince Ribbit

.▒ ▒.▒ ▒ ▒▒ ▒
▒.▒#▒ ▒ ∆ ▒.▒▒.▒.▒
▒▒▒▒▒ ▒......▒
....▒ ▒▒▒▒.▒▒▒
▒▒▒.▒ ▒.▒ .▒▒.▒
▒.▒ .▒▒.▒▒▒▒▒▒▒▒▒
▒y▒
............▒▒▒▒g▒
▒▒▒▒▒▒▒▒▒▒▒....F.▒
▒▒▒▒▒▒▒▒


You could see Prince Ribbit and a killer bee.


Message History

You hit the killer bee. Your bludgeon misses the killer bee.
The killer bee is severely wounded.
The killer bee closely misses you. Prince Ribbit hits you!
* * * LOW HITPOINT WARNING * * *
The killer bee stings you but does no damage.
Unknown command.
Unknown command.
You hit the killer bee.
You punch the killer bee, but do no damage.
Your bite misses the killer bee.
The killer bee is almost dead.
The killer bee stings you.
* * * LOW HITPOINT WARNING * * *
Prince Ribbit lets out a mournful croak.
Prince Ribbit hits you but does no damage.
You closely miss the killer bee.
The killer bee is almost dead.
The killer bee barely misses you. Prince Ribbit closely misses you.
The killer bee barely misses you. Prince Ribbit hits you!
* * * LOW HITPOINT WARNING * * *
Unknown command.
It was a potion of curing.
The killer bee barely misses you. The killer bee barely misses you.
Prince Ribbit hits you!
You die...

Action                   |  1- 3 |  4- 6 |  7- 9 || total
-------------------------+-------+-------+-------++-------
Melee: Falchion          |       |    69 |    72 ||   141
       Pseudopods        |       |    12 |    54 ||    66
       Bite              |       |     9 |    24 ||    33
       Whip              |       |       |   204 ||   204
       Punch             |       |       |    12 ||    12
 Fire: Hunting sling     |    65 |   101 |       ||   166
Throw: Dart              |     2 |       |       ||     2
       Stone             |       |    10 |       ||    10
Evoke: Wand              |     1 |       |     5 ||     6
  Use: Scroll            |       |     3 |       ||     3
       Potion            |       |       |     1 ||     1
 Stab: Sleeping          |       |     1 |     5 ||     6
       Distracted        |       |     1 |     1 ||     2
Armor: Robe              |     7 |       |       ||     7
       Ring mail         |       |    82 |    81 ||   163
Dodge: Dodged            |    14 |   101 |   148 ||   263

Levels and vault maps discovered:
D:1:      scummos_arrival_hexagon, layout_loops_corners, serial_forest,
          infiniplex_forest_clump_tiny, infiniplex_forest_end_2,
          infiniplex_forest_lined_2, infiniplex_forest_clump_curved,
          infiniplex_forest_corner_1, infiniplex_forest_clump_large,
          infiniplex_forest_lined_2, infiniplex_forest_split,
          infiniplex_forest_lined_room_3, shapermc_ecumenical_altar_rom_forum,
          solitary_fountain, kennysheep_decorative_pillar
D:2:      layout_basic, roderic_three_in_a_row, serial_bayou_crossing
D:3:      layout_basic, amcnicky_altar_gilded, chequers_serial_rivers_room_b
D:4:      layout_cave_pods, kennysheep_little_box, fedhas_altar_3,
          lemuel_temple_firewalk_b, serial_shops, shop,
          minmay_gold_behind_fungi, uniq_grinder
D:5:      layout_rooms, old_standard_altar, minmay_shop_mass
D:6:      layout_gridville, grunt_temple_overflow_champion_of_chaos,
          serial_shops, nicolae_shop_bloodbath_and_beyond,
          ebering_ghost_rock_garden
D:7:      layout_basic, mainiacjoe_overflow_chevrons, uniq_pikel
D:8:      layout_loops_cross, kennysheep_nub, uniq_amaemon, uniq_prince_ribbit1,
          uniq_grum

Notes
Turn   | Place    | Note
-------+----------+-------------------------------------------
     0 | D:1      | sanka the Gnoll Wanderer began the quest for the Orb.
     0 | D:1      | sanka set off with the following items: a +0 vorpal hunting
                  | sling, a scroll of teleportation {@r4}, a wand of flame
                  | (7), a +0 robe
     0 | D:1      | Reached XP level 1. HP: 17/17 MP: 1/1
   336 | D:1      | Found a faded altar of an unknown god.
   344 | D:1      | Got Plato's Papyrus of Dark Magic
   347 | D:1      | Prayed at the altar of an unknown god.
   347 | D:1      | Became a worshipper of Jiyva Jifos the Shapeless
   347 | D:1      | Reached * piety under Jiyva
   413 | D:1      | Reached XP level 2. HP: 23/23 MP: 2/2
   661 | D:1      | Reached ** piety under Jiyva
  1281 | D:2      | Reached XP level 3. HP: 28/28 MP: 3/3
  1401 | D:2      | Noticed a scorpion
  1405 | D:2      | Killed a scorpion
  1406 | D:2      | Reached skill level 1 in Short Blades
  1406 | D:2      | Reached skill level 1 in Long Blades
  1406 | D:2      | Reached skill level 1 in Axes
  1406 | D:2      | Reached skill level 1 in Maces & Flails
  1406 | D:2      | Reached skill level 1 in Polearms
  1406 | D:2      | Reached skill level 1 in Staves
  1406 | D:2      | Reached skill level 1 in Bows
  1406 | D:2      | Reached skill level 1 in Crossbows
  1406 | D:2      | Reached skill level 1 in Throwing
  1406 | D:2      | Reached skill level 1 in Armour
  1406 | D:2      | Reached skill level 1 in Shields
  1406 | D:2      | Reached skill level 1 in Unarmed Combat
  1406 | D:2      | Reached skill level 1 in Spellcasting
  1406 | D:2      | Reached skill level 1 in Conjurations
  1406 | D:2      | Reached skill level 1 in Hexes
  1406 | D:2      | Reached skill level 1 in Summonings
  1406 | D:2      | Reached skill level 1 in Necromancy
  1406 | D:2      | Reached skill level 1 in Translocations
  1406 | D:2      | Reached skill level 1 in Transmutations
  1406 | D:2      | Reached skill level 1 in Fire Magic
  1406 | D:2      | Reached skill level 1 in Ice Magic
  1406 | D:2      | Reached skill level 1 in Air Magic
  1406 | D:2      | Reached skill level 1 in Earth Magic
  1406 | D:2      | Reached skill level 1 in Poison Magic
  1406 | D:2      | Reached skill level 1 in Invocations
  1406 | D:2      | Reached XP level 4. HP: 34/34 MP: 3/5
  1855 | D:2      | Reached XP level 5. HP: 40/40 MP: 6/6
  1882 | D:2      | Identified the +2 ring mail of Mezcal {rPois}
  2273 | D:3      | Found an iron altar of Okawaru.
  2434 | D:3      | Reached *** piety under Jiyva
  2473 | D:3      | Gained mutation: Armour fits poorly on your pseudopods.
                  | [Jiyva's grace]
  2473 | D:3      | Gained mutation: Armour fits poorly on your large
                  | pseudopods. [Jiyva's grace]
  2473 | D:3      | Gained mutation: Armour fits poorly on your massive
                  | pseudopods. [Jiyva's grace]
  2473 | D:3      | Gained mutation: Your system is resistant to poisons.
                  | (rPois) [Jiyva's grace]
  2582 | D:3      | Reached skill level 3 in Fighting
  2582 | D:3      | Reached skill level 3 in Dodging
  3158 | D:4      | Found Jubypuxt's Magic Scroll Shoppe.
  3160 | D:4      | Bought a scroll of identify for 26 gold pieces
  3189 | D:4      | Reached **** piety under Jiyva
  3206 | D:4      | Reached skill level 2 in Invocations
  3206 | D:4      | Reached XP level 6. HP: 47/47 MP: 8/8
  3246 | D:4      | Found a staircase to the Ecumenical Temple.
  3276 | D:4      | Found a hazy altar of Hepliaklqana.
  3286 | D:4      | Reached skill level 3 in Stealth
  3373 | D:4      | Reached skill level 2 in Short Blades
  3373 | D:4      | Reached skill level 2 in Long Blades
  3373 | D:4      | Reached skill level 2 in Axes
  3373 | D:4      | Reached skill level 2 in Maces & Flails
  3373 | D:4      | Reached skill level 2 in Polearms
  3373 | D:4      | Reached skill level 2 in Staves
  3373 | D:4      | Reached skill level 2 in Bows
  3373 | D:4      | Reached skill level 2 in Crossbows
  3373 | D:4      | Reached skill level 2 in Throwing
  3373 | D:4      | Reached skill level 2 in Armour
  3373 | D:4      | Reached skill level 2 in Shields
  3373 | D:4      | Reached skill level 2 in Unarmed Combat
  3373 | D:4      | Reached skill level 2 in Spellcasting
  3431 | D:4      | Found a blossoming altar of Fedhas.
  3587 | D:4      | Reached XP level 7. HP: 51/52 MP: 10/10
  3638 | D:4      | Noticed Grinder
  3648 | D:4      | Paralysed by Grinder for 6 turns
  3656 | D:4      | Killed Grinder
  3657 | D:4      | Reached skill level 7 in Slings
  3657 | D:4      | Reached skill level 2 in Conjurations
  3657 | D:4      | Reached skill level 2 in Hexes
  3657 | D:4      | Reached skill level 2 in Summonings
  3657 | D:4      | Reached skill level 2 in Necromancy
  3657 | D:4      | Reached skill level 2 in Translocations
  3657 | D:4      | Reached skill level 2 in Transmutations
  3657 | D:4      | Reached skill level 2 in Fire Magic
  3657 | D:4      | Reached skill level 2 in Ice Magic
  3657 | D:4      | Reached skill level 2 in Air Magic
  3657 | D:4      | Reached skill level 2 in Earth Magic
  3657 | D:4      | Reached skill level 2 in Poison Magic
  3657 | D:4      | Reached skill level 9 in Evocations
  4002 | D:5      | Entered Level 5 of the Dungeon
  4009 | D:5      | Reached skill level 3 in Invocations
  4018 | D:5      | Found a hide-covered altar of Uskayaw.
  4048 | D:5      | Reached XP level 8. HP: 55/60 MP: 12/12
  4238 | D:5      | Found Itzud's Mass Market.
  4275 | D:5      | Reached skill level 4 in Fighting
  4275 | D:5      | Reached skill level 3 in Short Blades
  4275 | D:5      | Reached skill level 3 in Long Blades
  4275 | D:5      | Reached skill level 3 in Axes
  4275 | D:5      | Reached skill level 3 in Maces & Flails
  4275 | D:5      | Reached skill level 3 in Polearms
  4275 | D:5      | Reached skill level 3 in Staves
  4275 | D:5      | Reached skill level 3 in Bows
  4275 | D:5      | Reached skill level 3 in Crossbows
  4275 | D:5      | Reached skill level 3 in Throwing
  4275 | D:5      | Reached skill level 3 in Armour
  4275 | D:5      | Reached skill level 4 in Dodging
  4275 | D:5      | Reached skill level 3 in Shields
  4275 | D:5      | Reached skill level 3 in Unarmed Combat
  4275 | D:5      | Reached skill level 3 in Spellcasting
  4400 | D:5      | Reached ***** piety under Jiyva
  4608 | D:6      | Reached skill level 4 in Stealth
  4687 | D:6      | Lost mutation: Armour fits poorly on your massive
                  | pseudopods. [Jiyva's grace]
  4687 | D:6      | Gained mutation: Your spells are a little harder to cast,
                  | but a little more powerful. [Jiyva's grace]
  4687 | D:6      | Gained mutation: Your spells are harder to cast, but more
                  | powerful. [Jiyva's grace]
  4687 | D:6      | Gained mutation: Your spells are much harder to cast, but
                  | much more powerful. [Jiyva's grace]
  4687 | D:6      | Gained mutation: Your rubbery body absorbs attacks. (AC +1,
                  | EV +1) [Jiyva's grace]
  4827 | D:6      | Found a runed translucent gate.
  4827 | D:6      | Found a runed translucent gate.
  4827 | D:6      | Found a runed translucent gate.
  4828 | D:6      | Noticed ma3's ghost (novice DEAM)
  5041 | D:6      | Found Yceuw's Weapon Emporium.
  5157 | D:6      | Found a burning altar of Makhleb.
  5158 | D:6      | Found a shimmering altar of Xom.
  5459 | D:7      | Reached skill level 3 in Conjurations
  5459 | D:7      | Reached skill level 3 in Hexes
  5459 | D:7      | Reached skill level 3 in Summonings
  5459 | D:7      | Reached skill level 3 in Necromancy
  5459 | D:7      | Reached skill level 3 in Translocations
  5459 | D:7      | Reached skill level 3 in Transmutations
  5459 | D:7      | Reached skill level 3 in Fire Magic
  5459 | D:7      | Reached skill level 3 in Ice Magic
  5459 | D:7      | Reached skill level 3 in Air Magic
  5459 | D:7      | Reached skill level 3 in Earth Magic
  5459 | D:7      | Reached skill level 3 in Poison Magic
  5459 | D:7      | Reached skill level 4 in Invocations
  5547 | D:7      | Reached XP level 9. HP: 63/66 MP: 14/14
  5725 | D:7      | Reached skill level 4 in Short Blades
  5725 | D:7      | Reached skill level 4 in Long Blades
  5725 | D:7      | Reached skill level 4 in Axes
  5725 | D:7      | Reached skill level 4 in Maces & Flails
  5725 | D:7      | Reached skill level 4 in Polearms
  5725 | D:7      | Reached skill level 4 in Staves
  5725 | D:7      | Reached skill level 4 in Bows
  5725 | D:7      | Reached skill level 4 in Crossbows
  5725 | D:7      | Reached skill level 4 in Throwing
  5725 | D:7      | Reached skill level 4 in Armour
  5725 | D:7      | Reached skill level 4 in Shields
  5725 | D:7      | Reached skill level 4 in Unarmed Combat
  5725 | D:7      | Reached skill level 4 in Spellcasting
  5823 | D:7      | Noticed Pikel
  5926 | D:7      | Killed Pikel
  5927 | D:7      | Reached skill level 5 in Fighting
  5927 | D:7      | Reached skill level 8 in Slings
  5927 | D:7      | Reached skill level 5 in Dodging
  5927 | D:7      | Reached skill level 5 in Stealth
  6107 | D:7      | Found a glowing silver altar of Zin.
  6239 | D:8      | Noticed Grum
  6261 | D:8      | Killed Grum
  6262 | D:8      | Reached skill level 5 in Invocations
  6393 | D:8      | Noticed Prince Ribbit
  6424 | D:8      | HP: 1/68 [Prince Ribbit (10)]
  6425 | D:8      | Slain by Prince Ribbit

Vanquished Creatures
  Pikel (D:7)
  Grinder (D:4)
  A wyvern (D:7)
  Grum (D:8)
  A water moccasin (D:5)
  An ice beast (D:7)
  2 sky beasts
  2 ogres
  2 centaurs (D:7)
  3 wolves (D:8)
  4 lemures (D:7)
  A phantom (D:5)
  2 bullfrogs (D:7)
  3 scorpions
  2 necrophages (D:6)
  2 killer bees (D:8)
  A crimson imp (D:6)
  A howler monkey (D:6)
  2 hounds
  A gnoll shaman (D:7)
  4 iguanas
  5 orc wizards
  21 gnolls
  An adder (D:3)
  An ufetubus (D:2)
  3 dart slugs
  14 orcs
  4 bats
  7 giant cockroaches
  8 goblins
  6 hobgoblins
  4 jackals
  A kobold (D:2)
  2 quokkas (D:5)
  6 ball pythons
  3 frilled lizards
  3 rats
  A bush (D:1)
128 creatures vanquished.

Vanquished Creatures (others)
  A necrophage (D:6)
  9 jellies
  An orc priest (D:4)
  2 gnoll shamans
  An iguana (D:4)
  8 gnolls
  A worm (D:2)
  3 endoplasms (D:4)
  2 orcs (D:4)
  2 bats
  2 goblins
  2 jackals (D:3)
  2 quokkas (D:2)
  A ball python (D:2)
  A rat (D:3)
  18 fungi (D:4)
  22 plants
  5 toadstools (D:4)
83 creatures vanquished.

Grand Total: 211 creatures vanquished
